Map: Eternal Empire LE

Players

Geralt (Gerald)

  • Race: Protoss Protoss
  • League: Grandmaster
  • Spawn Location: 7:00

AGOElazer (Elazer) - Winner!

  • Race: Zerg Zerg
  • League: Master
  • Spawn Location: 1:00

Event: DreamHack SC2 Masters 2020 Fall

VOD

Have the link to the VOD?

Description

Time

  • Played on: Sept. 10, 2020, 1:08 p.m.
  • Length: 14:42

All games in this series

Show
View Real Time Build Order
Export as new Build Order

Geralt Protoss 

Build Orders: 1 Gate Expand, Oracle Opening 

Get SALT Encoding   

  12  0:00  Probe  
  13  0:12  Probe  
  14  0:20  Pylon  
  14  0:24  Probe  
  14  0:28  Assimilator  
  15  0:38  Probe (Chrono Boost)  
  16  0:45  Gateway  
  16  0:47  Probe (Chrono Boost)  
  17  0:53  Probe  
  18  1:05  Probe  
  19  1:17  Probe  
  20  1:24  Nexus  
  20  1:34  Cybernetics Core  
  20  1:37  Probe  
  21  1:42  Assimilator  
  21  1:49  Probe  
  21  1:52  Pylon  
  23  2:01  Probe  
  23  2:12  Stargate  
  23  2:13  Stalker (Chrono Boost)  
  25  2:17  Probe  
  26  2:26  Warp Gate  
  26  2:29  Probe  
  27  2:34  Adept (Chrono Boost)  
  29  2:37  Probe  
  29  2:41  Probe  
  31  2:49  Probe  
  32  2:54  Probe  
  32  2:56  Oracle (Chrono Boost)  
  33  3:03  Adept  
  33  3:05  Probe  
  39  3:12  Gateway, Probe  
  40  3:17  Probe  
  41  3:21  Pylon  
  41  3:22  Assimilator  
  41  3:28  Oracle (Chrono Boost)  
  44  3:37  Probe x2  
  46  3:43  Assimilator  
  46  3:47  Pylon  
  46  3:49  Probe x2  
  48  3:56  Oracle (Chrono Boost)  
  48  4:01  Probe x2  
  53  4:13  Probe x2  
  55  4:17  Pylon  
  55  4:23  Gateway  
  55  4:24  Gateway  
  55  4:25  Probe x2  
  57  4:37  Probe x2  
  59  4:38  Gateway  
  59  4:43  Oracle  
  62  4:49  Probe  
  63  4:54  Probe  
  59  5:01  Probe  
  59  5:03  Nexus  
  60  5:09  Adept x2  
  60  5:13  Probe  
  63  5:19  Gateway  
  63  5:20  Oracle, Gateway  
  66  5:30  Sentry, Stalker  
  66  5:34  Twilight Council, Pylon  
  70  5:50  Pylon x2  
  70  5:52  Probe x2  
  70  5:56  Stalker x3  
  78  6:11  Blink (Chrono Boost)  
  74  6:15  Probe x2  
  74  6:18  Probe  
  77  6:19  Robotics Facility  
  77  6:21  Stalker  
  77  6:22  Stalker  
  81  6:27  Sentry, Probe x2  
  81  6:28  Stalker  
  81  6:30  Pylon  
  87  6:33  Probe  
  88  6:40  Stalker x3  
  88  6:42  Probe  
  88  6:46  Forge, Probe  
  96  6:53  Probe  
  97  6:58  Stalker x2, Probe  
  97  6:59  Stalker  
  97  7:01  Probe  
  105  7:03  Warp Prism (Chrono Boost)  
  105  7:08  Assimilator  
  107  7:12  Assimilator  
  107  7:15  Gateway, Probe  
  108  7:21  Probe  
  109  7:23  Probe  
  109  7:25  Robotics Bay  
  109  7:27  Robotics Facility  
  109  7:28  Probe  
  111  7:31  Stalker  
  111  7:32  Protoss Ground Weapons Level 1 (Chrono Boost), Stalker x2  
  117  7:37  Pylon  
  117  7:38  Pylon  
  117  7:55  Probe  
  117  7:56  Observer  
  117  7:58  Pylon  
  117  8:02  Stalker x3  
  123  8:08  Probe x2  
  123  8:09  Nexus  
  123  8:10  Charge  
  123  8:13  Pylon  
  123  8:16  Pylon  
  123  8:20  Colossus (Chrono Boost)  
  135  8:30  Colossus (Chrono Boost)  
  135  8:32  Extended Thermal Lance  
  135  8:43  Stalker x2  
  135  8:44  Stalker x3  
  145  8:54  Pylon  
  145  8:55  Unknown  
  144  9:04  Colossus (Chrono Boost)  
  144  9:06  Probe  
  144  9:09  Probe  
  152  9:10  Colossus (Chrono Boost)  
  152  9:14  Pylon  
  152  9:15  Pylon  
  158  9:17  Pylon  
  158  9:23  Probe  
  159  9:30  Probe x3  
  162  9:31  Templar Archives  
  162  9:35  Probe  
  163  9:42  Zealot x7, Probe x2  
  163  9:43  Protoss Ground Weapons Level 2 (Chrono Boost)  
  173  10:03  Probe  
  173  10:05  Psionic Storm  
  174  10:10  Probe  
  174  10:11  Gateway  
  175  10:14  Probe  
  175  10:16  High Templar x6  
  175  10:17  Pylon  
  188  10:23  Nexus  
  188  10:26  Photon Cannon x2  
  188  10:27  Shield Battery x2  
  188  10:30  Pylon  
  188  10:36  Pylon  
  188  10:38  Assimilator  
  188  10:42  Assimilator, Photon Cannon  
  187  10:57  Disruptor  
  190  11:09  Zealot  
  190  11:10  Zealot x2  
  191  11:15  Archon  
  191  11:16  Archon  
  174  11:24  Zealot  
  174  11:25  Zealot x2  
  152  11:33  Shield Battery, Photon Cannon  
  152  11:34  Immortal  
  152  11:37  Observer  
  157  11:40  Zealot x4  
  157  11:41  Zealot x2  
  169  11:51  Probe  
  170  11:57  High Templar x3  
  170  11:58  Disruptor, Probe  
  180  12:02  Shield Battery, Photon Cannon  
  180  12:03  Nexus  
  180  12:04  Shield Battery  
  180  12:05  Photon Cannon  
  180  12:10  High Templar x2  
  180  12:11  High Templar x4  
  180  12:13  Disruptor  
  195  12:22  Probe  
  196  12:25  Gateway  
  196  12:27  Gateway  
  196  12:30  Fleet Beacon  
  196  12:31  Zealot x2, Gateway  
  141  12:46  Zealot x4  
  114  12:52  Archon  
  114  12:55  Zealot  
  114  12:56  Zealot  
  114  12:57  Probe  
  114  12:58  Probe  
  118  13:00  Probe  
  118  13:03  Gateway  
  118  13:04  Gateway  
  113  13:07  Zealot  
  113  13:08  Zealot x2  
  113  13:11  Gateway, Probe  
  114  13:15  Pylon  
  114  13:16  Pylon, Probe  
  115  13:21  Gateway  
  115  13:24  High Templar  
  115  13:25  High Templar x3  
  123  13:30  Probe  
  121  13:35  Probe  
  121  13:38  Sentry, Stalker  
  125  13:44  Probe x4  
  125  13:46  Zealot x4  
  125  13:47  Probe  
  133  13:51  Gateway  
  126  13:56  Probe x3  
  126  13:58  Pylon  
  126  13:59  Assimilator  
  126  14:00  Zealot x3  
  125  14:03  Assimilator  
  125  14:06  Zealot x2  
  125  14:07  Zealot  
  121  14:12  Zealot x2  
  113  14:20  High Templar x4  
  94  14:28  Archon  
  94  14:30  Zealot x3  
Show
View Real Time Build Order
Export as new Build Order

AGOElazer Zerg - Winner!

Build Orders: Hatch First, Lurkers 

Get SALT Encoding   

  12  0:00  Drone  
  13  0:11  Overlord  
  13  0:16  Drone  
  14  0:30  Drone x2  
  16  0:48  Hatchery  
  15  0:51  Drone  
  15  0:55  Drone  
  17  0:58  Drone  
  18  1:08  Extractor  
  17  1:13  Spawning Pool  
  17  1:17  Drone  
  17  1:20  Drone  
  18  1:27  Drone  
  19  1:39  Drone  
  20  1:49  Drone  
  21  2:00  Queen x2  
  21  2:01  Overlord, Zergling x2  
  26  2:11  Drone, Zergling x2  
  28  2:20  Drone  
  28  2:21  Drone  
  30  2:27  Hatchery  
  29  2:33  Drone x2  
  31  2:40  Queen  
  33  2:45  Metabolic Boost  
  33  2:49  Overlord  
  33  2:52  Drone  
  33  2:54  Drone  
  33  2:58  Drone  
  36  3:06  Overlord  
  36  3:11  Drone x4  
  40  3:15  Drone  
  40  3:18  Queen  
  43  3:22  Spore Crawler  
  43  3:24  Drone  
  43  3:26  Drone  
  44  3:31  Drone  
  45  3:39  Drone  
  45  3:40  Overlord  
  46  3:43  Drone  
  46  3:44  Spore Crawler  
  46  3:49  Drone x4  
  46  3:50  Drone x3  
  46  3:55  Zergling x4  
  55  3:58  Queen  
  57  4:03  Overlord  
  57  4:04  Drone  
  57  4:08  Drone  
  59  4:10  Drone x3  
  59  4:13  Zergling x2  
  59  4:14  Zergling x2  
  64  4:17  Drone x2  
  66  4:25  Roach Warren  
  66  4:26  Drone x5  
  70  4:31  Overlord  
  70  4:38  Drone x4  
  74  4:43  Lair  
  74  4:44  Queen, Extractor  
  74  4:45  Extractor  
  74  4:50  Overlord  
  70  4:56  Drone x6  
  70  4:57  Drone x2  
  75  5:01  Queen  
  75  5:02  Overlord  
  77  5:07  Zergling x2  
  77  5:11  Zergling x8  
  77  5:12  Zergling x6  
  85  5:15  Overlord  
  85  5:20  Extractor x2  
  83  5:21  Evolution Chamber  
  83  5:23  Overlord  
  83  5:25  Hatchery  
  81  5:29  Drone  
  81  5:30  Extractor  
  81  5:33  Drone x3, Overlord, Baneling Nest  
  83  5:37  Zergling x4  
  83  5:38  Overlord  
  83  5:41  Zergling x2  
  86  5:49  Drone x3  
  87  5:53  Zerg Melee Weapons Level 1  
  87  5:56  Zergling x6  
  90  6:01  Hydralisk Den  
  90  6:02  Overlord  
  89  6:10  Drone x4  
  89  6:11  Drone x2  
  89  6:16  Overlord  
  89  6:17  Drone x2  
  89  6:21  Pneumatized Carapace  
  89  6:22  Overseer  
  89  6:30  Hydralisk x9  
  89  6:31  Grooved Spines, Hydralisk  
  108  6:42  Hydralisk x4, Spore Crawler  
  115  6:48  Overlord  
  115  6:53  Hydralisk x4  
  123  6:58  Overlord  
  123  7:00  Overlord  
  123  7:01  Centrifical Hooks  
  123  7:05  Unknown  
  123  7:06  Drone x3  
  123  7:07  Hydralisk x2  
  128  7:09  Zergling x2  
  128  7:13  Zergling x10  
  134  7:22  Zergling x4  
  135  7:23  Zergling x14  
  135  7:28  Overlord  
  135  7:29  Overseer  
  142  7:37  Drone x7  
  142  7:40  Infestation Pit  
  142  7:41  Overlord  
  148  7:44  Muscular Augments  
  148  7:47  Evolution Chamber  
  148  7:49  Zergling x2  
  148  7:50  Zergling x4  
  150  7:54  Baneling x14  
  150  7:57  Zergling x6  
  151  8:00  Overlord x2, Zergling x2  
  147  8:13  Overlord  
  147  8:15  Zerg Melee Weapons Level 2  
  147  8:17  Hive  
  147  8:19  Zerg Missile Weapons Level 1  
  147  8:22  Drone x2, Hatchery  
  148  8:29  Zergling x14  
  148  8:32  Overseer  
  155  8:42  Zergling x20  
  155  8:43  Lurker Den  
  164  8:52  Zergling x6  
  164  8:55  Overlord  
  167  9:07  Overlord  
  166  9:10  Overlord x3  
  166  9:16  Drone  
  167  9:21  Overlord x2  
  164  9:25  Overlord x2  
  164  9:27  Drone  
  164  9:28  Drone x3  
  164  9:29  Adrenal Glands, Viper x2  
  173  9:33  Baneling x6  
  173  9:36  Drone x8  
  181  9:43  Seismic Spines  
  181  9:46  Lurker x9  
  187  9:56  Hydralisk x4  
  187  9:57  Hydralisk x4  
  200  10:00  Extractor  
  200  10:02  Extractor  
  197  10:07  Drone x2  
  197  10:08  Overlord  
  197  10:09  Spore Crawler  
  197  10:11  Overseer x2  
  197  10:12  Spine Crawler  
  197  10:14  Spine Crawler  
  196  10:23  Zergling x6  
  196  10:24  Overseer  
  196  10:27  Zerg Missile Weapons Level 2  
  199  10:31  Zerg Ground Armor Level 1  
  199  10:40  Adaptive Talons  
  195  10:51  Zergling x2  
  195  10:52  Zergling x8  
  195  10:53  Hatchery  
  192  11:00  Zergling x18  
  192  11:01  Zergling x4  
  192  11:11  Zergling x10  
  192  11:12  Zergling x4  
  192  11:16  Hydralisk x2  
  173  11:19  Hydralisk x18  
  191  11:26  Hydralisk x2  
  191  11:31  Lurker x5  
  191  11:32  Hydralisk x4  
  185  11:33  Hydralisk  
  185  11:39  Zergling x4  
  189  11:48  Lurker x4  
  189  11:51  Baneling x7  
  189  12:09  Drone x8  
  189  12:10  Drone x3  
  196  12:25  Lurker  
  196  12:26  Lurker x2, Unknown  
  188  12:42  Zergling x36  
  174  12:47  Hydralisk x7  
  174  12:48  Hydralisk x3  
  176  12:56  Hydralisk x5  
  164  13:04  Hydralisk x5  
  169  13:08  Zergling x2  
  170  13:15  Baneling x2  
  170  13:16  Baneling x8  
  170  13:17  Lurker x8  
  178  13:29  Lurker x3  
  178  13:30  Zergling x36  
  178  13:32  Hatchery  
  194  13:41  Hydralisk  
  194  13:42  Hydralisk x3  
  194  13:45  Zergling x4  
  190  14:08  Hydralisk x12  
  193  14:10  Zergling x6  
  193  14:11  Zergling x18  
  187  14:24  Zergling x14  

Tags
 
Add a new tag
Caveats
  • Supply blocks, unpowered buildings, or Contaminate may cause inaccurate times.
  • Supply counts are checked every 10 seconds.